 Dungeon Crawl Stone Soup version 0.19-a0-1780-g452a841 (webtiles) character file.

602 Promi the Shield-Bearer (level 7, -7/43 HPs)
             Began as a High Elf Air Elementalist on Oct 2, 2016.
             Killed from afar by an orc wizard (9 damage)
             ... with a magic dart
             ... on level 5 of the Dungeon.
             The game lasted 00:21:26 (4803 turns).

Promi the Shield-Bearer (High Elf Air Elementalist) Turns: 4803, Time: 00:21:27

Health: -7/43      AC:  4    Str: 18    XL:     7   Next: 18%
Magic:  13/13      EV: 13    Int: 20    God:
Gold:   263        SH:  6    Dex: 17    Spells: 4 memorised, 5 levels left

rFire  . . .     SeeInvis .     s - +5 rapier "Elf's Death" {holy, Str+6}
rCold  . . .     Gourm    .     a - +0 robe
rNeg   . . .     Faith    .     u - +0 buckler
rPois  .         Spirit   .     (no helmet)
rElec  .         Dismiss  .     (no cloak)
rCorr  .         Reflect  .     (no gloves)
MR     .....     Harm     .     n - +1 pair of boots
Stlth  ++........               (no amulet)
                                (no ring)
                                (no ring)

@: mighty, very slightly contaminated
A: no striking features
a: no special abilities


You were on level 5 of the Dungeon.
You were not hungry.

You visited 1 branch of the dungeon, and saw 5 of its levels.

You collected 263 gold pieces.

Inventory:

Hand Weapons
 e - a +1 short sword
 l - the +7 flail of Certain Death {freeze, rF- Dex+5}
   (You found it on level 4 of the Dungeon)

   It has been specially enchanted to freeze those struck by it, causing extra
   injury to most foes and up to half again as much damage against particularly
   susceptible opponents.
   It can also slow down cold-blooded creatures.
   It affects your dexterity (+5).
   It makes you vulnerable to fire.
 s - the +5 rapier "Elf's Death" (weapon) {holy, Str+6}
   (You found it on level 4 of the Dungeon)

   It has been blessed by the Shining One to cause great damage to the undead
   and demons.
   It affects your strength (+6).
Armour
 a - a +0 robe (worn)
 n - a +1 pair of boots (worn)
 r - a cursed +0 robe
 u - a +0 buckler (worn)
Jewellery
 j - an uncursed ring of wizardry {unknown}
 p - a +2 ring of evasion {unknown}
Scrolls
 i - a scroll of teleportation
 o - 3 scrolls of identify
 q - a scroll of magic mapping {unknown}
 v - a scroll of fear {unknown}
 x - a scroll of summoning {unknown}
 y - a scroll of amnesia {unknown}
Potions
 h - 3 potions of agility
 k - 2 potions of lignification
 t - a potion of might
Books
 b - a book of Air

   Spells                             Type                      Level
   a - Shock                          Conjuration/Air              1
   b - Swiftness                      Charms/Air                   2
   c - Repel Missiles                 Charms/Air                   2
   d - Static Discharge               Conjuration/Air              3
   e - Lightning Bolt                 Conjuration/Air              5
Comestibles
 c - 5 bread rations
 d - 3 fruits
 f - a meat ration
 m - 2 beef jerkies


   Skills:
 - Level 1.2 Fighting
 - Level 2.6 Dodging
 - Level 3.1 Stealth
 + Level 5.3 Shields
 - Level 3.6 Spellcasting
 - Level 2.0 Conjurations
 - Level 4.6 Air Magic


You had 5 spell levels left.
You knew the following spells:

 Your Spells              Type           Power        Failure   Level  Hunger
a - Shock                 Conj/Air       ###.         3%          1    None
b - Repel Missiles        Chrm/Air       ##....       10%         2    ##.....
c - Swiftness             Chrm/Air       ##......     10%         2    ##.....
d - Static Discharge      Conj/Air       ###.....     12%         3    ###....


Dungeon Overview and Level Annotations

Branches:
Dungeon (5/15)
 Temple: D:4-7

Altars:
Qazlal

Annotations:
D:3 Sigmund
D:5 Bzzzz's ghost, amateur OpAs


Message History

The puff of flame hits you!
You hear some strange, mumbled words.
A puff of frost appears from out of thin air!
The puff of frost hits you!
* * * LOW HITPOINT WARNING * * *
You hear some strange, mumbled words.
A puff of flame appears from out of thin air!
The puff of flame hits you!
* * * LOW HITPOINT WARNING * * *
Things that are here:
a dagger; a robe It was a potion of magic.
Magic courses through your body. Something hits you.
* * * LOW HITPOINT WARNING * * *
It was a potion of might.
You feel very mighty all of a sudden. You block something's attack.
You hear some strange, mumbled words.
A magic dart appears from out of thin air!
The magic dart hits you!
You die...

#........##.....#
####.######.....#
#.# ##########
#.# #.. #.# #.# #
#.# #.####.## #.#
#..[....# #.#
#...#.(.#
#@###...#...#
#{)...........
######.####.###
#... .# ##### #


There were no monsters in sight!

Vanquished Creatures
  An ice beast (D:5)
  A phantom (D:5)
  2 centaurs (D:5)
  2 jellies (D:5)
  An orc priest (D:5)
  An orc wizard (D:5)
  A worker ant (D:4)
  3 adders
  An ooze (D:2)
  3 worms
  3 dart slugs
  5 leopard geckos
  7 orcs
  2 ball pythons
  2 giant cockroaches
  11 hobgoblins
  4 jackals (D:3)
  8 kobolds
  5 bats
  4 frilled lizards
  7 goblins
  8 rats
82 creatures vanquished.

Notes
Turn   | Place    | Note
-------+----------+-------------------------------------------
     0 | D:1      | Promi the High Elf Air Elementalist began the quest for the Orb.
     0 | D:1      | Reached XP level 1. HP: 11/11 MP: 4/4
   158 | D:1      | Reached XP level 2. HP: 17/17 MP: 3/6
   162 | D:1      | Learned a level 2 spell: Repel Missiles
   165 | D:1      | Learned a level 2 spell: Swiftness
   871 | D:1      | Reached XP level 3. HP: 19/22 MP: 4/8
  2006 | D:2      | Noticed an earth elemental
  2016 | D:2      | Found a stormy altar of Qazlal.
  2040 | D:2      | Noticed a water elemental
  2041 | D:2      | Noticed a fire elemental
  2041 | D:2      | Noticed an air elemental
  2177 | D:2      | Reached XP level 4. HP: 27/27 MP: 1/10
  2585 | D:3      | Learned a level 3 spell: Static Discharge
  2923 | D:3      | Found a faded altar of an unknown god.
  3018 | D:3      | Noticed Sigmund
  3132 | D:4      | Got a blackened flail
  3133 | D:4      | Identified the +7 flail of Certain Death {freeze, rF- Dex+5} (You found it on level 4 of the Dungeon)
  3364 | D:4      | Reached skill level 1 in Fighting
  3376 | D:4      | Got a brightly glowing rapier
  3377 | D:4      | Identified the +5 rapier "Elf's Death" {holy, Str+6} (You found it on level 4 of the Dungeon)
  3533 | D:5      | Entered Level 5 of the Dungeon
  3537 | D:5      | Noticed a phantom
  3557 | D:5      | Killed a phantom
  3557 | D:5      | Reached skill level 2 in Shields
  3557 | D:5      | Reached XP level 5. HP: 33/33 MP: 0/11
  3809 | D:5      | Noticed Bzzzz's ghost (amateur OpAs)
  3890 | D:5      | Noticed a centaur
  3902 | D:5      | Killed a centaur
  3902 | D:5      | Reached skill level 3 in Shields
  3902 | D:5      | Reached XP level 6. HP: 11/38 MP: 10/12
  4257 | D:5      | Reached skill level 4 in Shields
  4760 | D:5      | Noticed an ice beast
  4773 | D:5      | Killed an ice beast
  4773 | D:5      | Reached skill level 5 in Shields
  4773 | D:5      | Reached XP level 7. HP: 43/43 MP: 8/13
  4802 | D:5      | HP: 2/43 [something (4)]
  4803 | D:5      | Killed from afar by an orc wizard

Vault maps used:
D:1:      elethiomel_arrival_infinity_welcomes_careful_drivers
D:2:      nicolae_qazlal_style_of_elements
D:3:      first_bread, ecumenical_altar_2, nrook_loot_triangle, uniq_sigmund
D:5:      serial_shops, shop

Skill      XL: |  1  2  3  4  5  6 |
---------------+-------------------+-----
Air Magic      | 4 |  4.6
Spellcasting   | 3 |  3.6
Conjurations   | 2 |  2.0
Fighting       | 1 |  1.2
Stealth        | 3 |  3.1
Shields        | 2 3 5 |  5.3
Dodging        | |  2.6

Action                   |  1- 3 |  4- 6 |  7- 9 || total
-------------------------+-------+-------+-------++-------
Melee: Short sword       |    11 |    18 |       ||    29
       Flail             |       |     3 |       ||     3
       Rapier            |       |    38 |     8 ||    46
 Cast: Shock             |    94 |    81 |    10 ||   185
       Repel Missiles    |     1 |       |       ||     1
       Static Discharge  |       |     6 |       ||     6
  Use: Potion            |     4 |       |     2 ||     6
       Scroll            |     2 |     5 |       ||     7
 Stab: Sleeping          |     2 |       |       ||     2
  Eat: Chunk             |     4 |     8 |       ||    12
Armor: Robe              |     6 |    16 |     3 ||    25
Dodge: Dodged            |    20 |    40 |     9 ||    69
       Deflected         |       |     1 |       ||     1
Block: Buckler           |       |     4 |     4 ||     8
